 Dungeon Crawl Stone Soup version 0.31-a0-1589-g8f5e8aebd6 (webtiles) character file.

Game seed: 16594423859180132756

9800 zenocrate the Covert (level 11, 0/47 HPs)
             Began as a Vine Stalker Enchanter on Jan 5, 2024.
             Was an Initiate of Gozag.
             Slain by a cane toad (10 damage)
             ... on level 1 of the Lair of Beasts.
             The game lasted 00:17:45 (8388 turns).

zenocrate the Covert (Vine Stalker Enchanter)       Turns: 8388, Time: 00:17:46

Health: 0/47       AC: 11    Str: 10    XL:     11   Next: 52%
Magic:  0/15       EV: 12    Int: 15    God:    Gozag
Gold:   330        SH:  6    Dex: 20    Spells: 3/14 levels left

rFire   . . .        b - +2 dagger (venom)
rCold   . . .        P - +0 buckler
rNeg    + . .        G - +2 robe {rN+}
rPois   .            (no helmet)
rElec   .            t - +1 cloak
rCorr   .            F - +0 pair of gloves
SInv    .            (no boots)
Will    +....        S - amulet of magic regeneration
Stlth   +++++        h - +4 ring of protection
HPRegen 1.07/turn    D - ring of flight
MPRegen 0.54/turn

%: guardian spirit
@: on blink cooldown, flying, studying 2 skills
A: fangs 3, regeneration 1, magic shield, antimagic bite, no potion heal 2
a: Renounce Religion, Potion Petition, Call Merchant, Bribe Branch


You were on level 1 of the Lair of Beasts.
You worshipped Gozag.
Gozag was aware of your devotion.
You visited 3 branches of the dungeon, and saw 11 of its levels.
You also visited: Ossuary.

You collected 1620 gold pieces.
You spent 1224 gold pieces at shops.
You paid 66 gold pieces to Gozag.

Inventory:

Hand Weapons
 a - a +3 dagger of flaming
 b - a +2 dagger of venom (weapon)
 I - a +0 rapier
Missiles
 q - 12 boomerangs
 w - 21 poisoned darts (quivered)
 E - 4 atropa-tipped darts
 O - a curare-tipped dart
Armour
 t - a +1 cloak (worn)
 F - a +0 pair of gloves (worn)
 G - a +2 robe of positive energy (worn)
 P - a +0 buckler (worn)
Jewellery
 h - a +4 ring of protection (left hand)
 r - a ring of ice
 D - a ring of flight (right hand)
 S - an amulet of magic regeneration (around neck)
Wands
 K - a wand of charming (13)
 L - a wand of mindburst (15)
 Q - a wand of roots (10)
Scrolls
 d - 3 scrolls of poison
 k - a scroll of enchant weapon {unknown}
 m - a scroll of revelation {unknown}
 n - 3 scrolls of fog
 u - 2 scrolls of fear {unknown}
 y - 2 scrolls of blinking {unknown}
 B - 2 scrolls of vulnerability {unknown}
 C - 3 scrolls of teleportation
 J - a scroll of acquirement {unknown}
 R - a scroll of summoning {unknown}
 T - a scroll of noise {unknown}
Potions
 c - 4 potions of invisibility
 f - a potion of berserk rage
 g - a potion of might
 i - 7 potions of enlightenment
 l - 2 potions of magic
 p - a potion of ambrosia
 s - 4 potions of resistance
 x - 3 potions of brilliance
 z - 6 potions of curing
 H - 2 potions of haste {unknown}
 N - a potion of attraction {unknown}


   Skills:
 + Level 10.8 Short Blades
 - Level 0.9 Throwing
 - Level 1.7 Dodging
 + Level 11.1 Stealth
 + Level 3.7 Shields
 - Level 2.3 Spellcasting
 + Level 8.6 Hexes
 + Level 5.5 Translocations
 - Level 3.3 Ice Magic
 + Level 3.5 Evocations


You had 3 spell levels left.
You knew the following spells:

 Your Spells              Type           Power      Damage    Failure   Level
a - Ensorcelled Hibernat  Hex/Ice        38%        N/A       3%          2
b - Confusing Touch       Hex            27%        N/A       2%          3
c - Tukima's Dance        Hex            27%        N/A       2%          3
m - Apportation           Tloc           36%        N/A       3%          1
x - Blink                 Tloc           36%        N/A       4%          2

Your spell library contained the following spells:

 Spells                   Type           Power      Damage    Failure   Level
 Jinxbite                 Hex            54%        N/A       1%          2
 Lesser Beckoning         Tloc           36%        N/A       4%          2
 Momentum Strike          Conj/Tloc      20%        3d8       14%         2
 Dazzling Flash           Conj/Hex       28%        N/A       16%         3
 Volatile Blastmotes      Fire/Tloc      20%        2d11      28%         3
 Necrotise                Necr           4%         1d4       30%         1
 Sting                    Conj/Alch      4%         1d3       30%         1
 Summon Small Mammal      Summ           4%         N/A       30%         1
 Call Imp                 Summ           2%         N/A       43%         2
 Cigotuvi's Dreadful Rot  Necr/Alch/Air  2%         N/A       43%         2
 Mercury Vapours          Alch/Air       2%         N/A       43%         2
 Sublimation of Blood     Necr           1%         N/A       43%         2
 Mephitic Cloud           Conj/Alch/Air  1%         N/A       67%         3
 Passwall                 Erth           1%         N/A       67%         3
 Swiftness                Air            1%         N/A       67%         3
 Iskenderun's Mystic Bla  Conj/Tloc      10%        2d4       67%         4
 Yara's Violent Unravell  Hex/Alch       7%         3d5       80%         5
 Fulminant Prism          Conj/Alch      0%         3d5       97%         4
 Ignite Poison            Fire/Alch      1%         N/A       97%         4
 Freezing Cloud           Conj/Ice/Air   2%         6-21      99%         5
 Enfeeble                 Hex            13%        N/A       100%        7
 Summon Hydra             Summ           0%         N/A       100%        7


Dungeon Overview and Level Annotations

Branches:
Dungeon (9/15)             Temple (1/1) D:4            Lair (1/5) D:9
Ossuary (visited)
    Orc: D:9-12

Altars:
Ashenzari
Cheibriados
Dithmenos
Elyvilon
Fedhas
Gozag
Hepliaklqana
Kikubaaqudgha
Makhleb
Nemelex Xobeh
Okawaru
Qazlal
Ru
Sif Muna
Trog
Uskayaw
Vehumet
Wu Jian
Xom
Yredelemnul
Zin
The Shining One

Shops:
D:2 [[!:   D:7 :

Annotations:
Temple 2 transporters


Innate Abilities, Weirdness & Mutations

You have razor-sharp teeth.
Your natural rate of healing is unusually fast.
When hurt, damage is shared between your health and your magic reserves.
Your bite disrupts and absorbs the magic of your enemies.
Potions cannot restore your health.


Message History

Casting: Ensorcelled Hibernation (safe; 3% risk of failure)
Confirm with . or Enter, or press ? or * to list all spells.
You blink.
You feel very sick.
Unknown command.
Okay, then.
Okay, then.
Okay, then.
Aiming: Fastroot
Press: ? - help, Shift-Dir - straight line, f/p - cane toad
Aim: a cane toad (lightly wounded)
The roots erupt in riotous growth!
Roots grab the cane toad.
The grasping roots constrict the cane toad, but do no damage.
You feel very sick.
You hear a croak.
You hear an angry hiss.
The cane toad escapes!
Unknown command.
Unknown command.
You need at least 400 gold to purchase potions right now!
Unknown command.
Magic courses through your body.
You feel sick. The cane toad stings you.
* * * LOW HITPOINT WARNING * * *
You are lethally poisoned!
The cane toad poisons you!
Unknown command.
Unknown command.
Unknown command.
Your system rejects the healing.
You feel better.
The cane toad stings you but does no damage.
Unknown command.
Casting: Blink (safe; 4% risk of failure)
Confirm with . or Enter, or press ? or * to list all spells.
Aiming: Ensorcelled Hibernation (safe; 3% risk of failure)
Press: ? - help, Shift-Dir - straight line, f/p - cane toad
Aim: a cane toad (lightly wounded, chance to affect: 51%)
The cane toad resists with significant effort.
The cane toad stings you!!
You die...
Your body crumbles into a pile of gold.

~~. #.#
~... #.#
~.>..##.#
~~......#
ā‰ˆ~...##.#
ā‰ˆ~~.
#P..# Sā‰ˆ~
##...# ~~
##F## .
#.@# #.P#
#.## . ##
#.# #...##
#. .#..# ..
##...### #.
.......# #.
.).....#


You could see a cane toad.

Vanquished Creatures
  A two-headed ogre (D:9)
  Pikel (D:5)
  3 cane toads (Lair:1)
  2 trolls (D:9)
  A hornet (D:7)
  Sigmund (D:2)
  11 yaks
  2 wyverns
  Menkaure (D:6)
  5 water moccasins
  3 sky beasts
  2 black bears
  An ogre (D:5)
  4 orc warriors
  3 ice beasts (D:5)
  3 centaurs
  5 wolves (Lair:1)
  A kobold brigand (D:7)
  A weeping skull (Ossuary)
  A bullfrog (Lair:1)
  2 gnoll sergeants
  2 scorpions
  8 water moccasin zombies (Ossuary)
  9 wights
  8 killer bees
  A howler monkey (D:7)
  2 vampire bats (D:7)
  A jelly (D:7)
  A bombardier beetle (D:5)
  A spectral scorpion (Ossuary)
  Crazy Yiuf (D:2)
  3 hounds
  3 orc priests
  Jessica (D:2)
  3 sleepcaps
  3 iguanas
  2 orc wizards
  A crocodile zombie (Ossuary)
  A bullfrog simulacrum (Ossuary)
  2 mummies (Ossuary)
  9 gnolls
  6 adders
  A shadow imp (D:6)
  2 white imps
  2 ufetubi (D:5)
  2 adder zombies (Ossuary)
  3 ribbon worms
  38 orcs
  5 endoplasms
  3 giant cockroaches (D:1)
  7 gnoll zombies (Ossuary)
  5 goblins
  4 hobgoblins
  6 jackals
  8 quokkas
  6 ball pythons
  12 bats
  9 frilled lizards
  2 jackal zombies (Ossuary)
  15 kobolds
  4 orc zombies (Ossuary)
  3 rats
259 creatures vanquished.

Vanquished Creatures (collateral kills)
  A wight (D:9)
1 creature vanquished.

Grand Total: 260 creatures vanquished

Notes
Turn   | Place    | Note
-------+----------+-------------------------------------------
     0 | D:1      | zenocrate the Vine Stalker Enchanter began the quest for
                  | the Orb.
     0 | D:1      | Reached XP level 1. HP: 9/9 MP: 4/4
   127 | D:1      | Reached skill level 1 in Short Blades
   219 | D:1      | Reached XP level 2. HP: 13/13 MP: 6/6
   222 | D:1      | Learned a level 2 spell: Ensorcelled Hibernation
   545 | D:1      | Reached skill level 4 in Stealth
   545 | D:1      | Reached skill level 1 in Ice Magic
   546 | D:1      | Reached XP level 3. HP: 16/16 MP: 3/7
   887 | D:1      | Learned a level 3 spell: Confusing Touch
   896 | D:2      | Noticed Jessica
   902 | D:2      | Killed Jessica
   903 | D:2      | Reached XP level 4. HP: 21/21 MP: 8/8
  1073 | D:2      | Found a glowing golden altar of the Shining One.
  1132 | D:2      | Found Garaud's Armour Emporium.
  1162 | D:2      | Found a faded altar of an unknown god.
  1211 | D:2      | Found Yshraomn's Book Shop.
  1274 | D:2      | Noticed Sigmund
  1280 | D:2      | Killed Sigmund
  1281 | D:2      | Reached skill level 5 in Stealth
  1281 | D:2      | Reached XP level 5. HP: 24/24 MP: 6/9
  1281 | D:2      | Reached XP level 6. HP: 28/28 MP: 6/10
  1330 | D:2      | Found Wostacek's Distillery.
  1446 | D:2      | Found Ryxumat's Antique Armour Shop.
  1534 | D:2      | Found a runed translucent door.
  1535 | D:2      | Noticed Crazy Yiuf
  1769 | D:2      | Killed Crazy Yiuf
  1819 | D:2      | Learned a level 3 spell: Tukima's Dance
  2318 | D:4      | Reached XP level 7. HP: 32/32 MP: 6/11
  2592 | D:4      | Found a staircase to the Ecumenical Temple.
  2833 | D:4      | Found a bloodstained altar of Trog.
  2840 | D:4      | Reached skill level 6 in Stealth
  2936 | D:4      | Learned a level 2 spell: Blink
  2956 | D:5      | Entered Level 5 of the Dungeon
  2959 | D:5      | Found a sand-covered staircase.
  2969 | Ossuary  | Entered an ossuary
  3032 | Ossuary  | Reached skill level 1 in Translocations
  3071 | Ossuary  | Reached skill level 5 in Hexes
  3071 | Ossuary  | Gained mutation: You have razor-sharp teeth. [Vine Stalker
                  | growth]
  3071 | Ossuary  | Reached XP level 8. HP: 35/36 MP: 12/12
  3176 | Ossuary  | Reached skill level 5 in Short Blades
  3211 | Ossuary  | Reached skill level 7 in Stealth
  3242 | Ossuary  | Learned a level 1 spell: Apportation
  3736 | D:5      | Noticed Pikel
  3744 | D:5      | Killed Pikel
  3745 | D:5      | Reached XP level 9. HP: 39/39 MP: 10/13
  3788 | Temple   | Found a transporter.
  3788 | Temple   | Found a transporter.
  3788 | Temple   | Found a transporter.
  3788 | Temple   | Found a transporter.
  3788 | Temple   | Entered the Ecumenical Temple
  3804 | Temple   | Became a worshipper of Gozag Ym Sagoz the Greedy
  3898 | D:5      | Reached skill level 8 in Stealth
  4439 | D:6      | Noticed Menkaure
  4446 | D:6      | Killed Menkaure
  4536 | D:6      | Found an iron altar of Okawaru.
  4954 | D:7      | Noticed a hornet
  4960 | D:7      | Killed a hornet
  4961 | D:7      | Reached skill level 9 in Stealth
  5115 | D:7      | Reached XP level 10. HP: 44/44 MP: 8/14
  5361 | D:7      | Found a hide-covered altar of Uskayaw.
  5514 | D:7      | Found Vidim's Book Boutique.
  6047 | D:8      | Found a broken altar of Ashenzari.
  6466 | D:9      | Reached skill level 1 in Shields
  6466 | D:9      | Reached skill level 1 in Evocations
  6658 | D:9      | Reached skill level 10 in Stealth
  7003 | D:9      | Noticed a two-headed ogre
  7017 | D:9      | Killed a two-headed ogre
  7018 | D:9      | Reached skill level 10 in Short Blades
  7027 | D:9      | Found a staircase to the Lair.
  7163 | D:9      | Found a sacrificial altar of Ru.
  7604 | D:2      | Bought a manual of Short Blades for 1120 gold pieces
  7629 | D:2      | Bought a potion of invisibility for 104 gold pieces
  7781 | Lair:1   | Entered Level 1 of the Lair of Beasts
  7784 | Lair:1   | Reached XP level 11. HP: 47/47 MP: 13/15
  7814 | D:9      | Reached skill level 5 in Translocations
  8238 | Lair:1   | Reached skill level 11 in Stealth
  8388 | Lair:1   | Slain by a cane toad

Illustrated notes

Levels and vault maps discovered:
D:1:      lemuel_arrival_behind_the_door_small, layout_basic,
          kennysheep_another_room, minmay_misc_feat_hallway
D:2:      layout_loops_ring, basic_altar, hellmonk_ecumenical_altar_crossroads,
          serial_shops, nicolae_shop_waterfront, shop,
          nicolae_shop_pleasant_corner_grove, nicolae_shop_stone, uniq_jessica,
          uniq_crazy_yiuf_cottage, uniq_sigmund
D:3:      layout_rooms
D:4:      layout_rooms, mainiacjoe_overflow_alcove_2,
          minmay_temple_entry_proselytizer
D:5:      layout_basic, lightli_ossuary_entry_decrepit_ruins, uniq_pikel
D:6:      layout_loops_ring, mainiacjoe_overflow_catwalk, minmay_manual_mullet,
          uniq_menkaure
D:7:      layout_loops_ring, mainiacjoe_overflow_cross_hatched, serial_shops,
          nicolae_square_shop, roderic_batcave
D:8:      layout_rooms, nicolae_ashenzari_skybound, small_statue_intersection
D:9:      layout_gridville, overflow_temple_1_default, dpeg_oklobed_lair,
          grunt_ministairs_1
Temple:   hellmonk_temple_divided_pantheon
Lair:1:   layout_roguey, infiniplex_staircase_pool

Skill      XL: |  1  2  3  4  5  6  7  8  9 10 11 |
---------------+----------------------------------+-----
Short Blades   | 1 2 3 4 6 8 10 | 10.8
Stealth        | 4 5 6 7 9 10 11 | 11.1
Ice Magic      | 1 3 |  3.3
Hexes          | 4 5 6 7 8 |  8.6
Translocations | 1 3 4 5 |  5.5
Shields        | 2 3 |  3.7
Evocations     | 2 3 |  3.5
Throwing       | |  0.9
Dodging        | |  1.7
Spellcasting   | |  2.3

Action                     |  1- 3 |  4- 6 |  7- 9 | 10-12 || total
---------------------------+-------+-------+-------+-------++-------
  Melee: Dagger            |    81 |    96 |   264 |   356 ||   797
         Bite              |    15 |    25 |    97 |   113 ||   250
         Punch             |       |       |     6 |       ||     6
  Throw: Dart              |       |       |       |     3 ||     3
   Cast: Ensorcelled Hiber |     7 |     8 |    16 |    50 ||    81
         Confusing Touch   |       |       |     4 |    11 ||    15
         Tukima's Dance    |       |       |       |     5 ||     5
         Blink             |       |       |       |     1 ||     1
  Evoke: Wand              |       |       |       |     2 ||     2
    Use: Scroll            |       |       |    11 |     5 ||    16
         Potion            |       |       |       |     4 ||     4
   Stab: Sleeping          |     8 |    16 |    25 |    37 ||    86
         Distracted        |       |     1 |     1 |     1 ||     3
         Confused          |       |       |     3 |     5 ||     8
         Invisible         |       |       |       |     4 ||     4
 Armour: Robe              |    46 |    36 |   169 |   172 ||   423
         Skin              |       |       |       |    29 ||    29
  Dodge: Dodged            |    70 |    57 |   169 |   133 ||   429
  Block: Buckler           |       |       |       |    56 ||    56

Table legend: (Time is in decaauts)
 A = Elapsed time spent in this place.
 B = Non-inter-level travel time spent in this place.
 C = Inter-level travel time spent in this place.
 D = Time resting spent in this place.
 E = Time spent auto-exploring this place.
 F = Levels seen in this place.
 G = Mean time per level.
                   A        B        C        D        E       F      G
               +--------+--------+--------+--------+--------+-----+--------+
         Total |   8164 |   7641 |    523 |    100 |   5607 |  12 |  680.3 |
       Dungeon |   7384 |   6882 |    502 |    100 |   5210 |   9 |  820.4 |
        Temple |     31 |     24 |      7 |      0 |      0 |   1 |   31.0 |
          Lair |    502 |    490 |     12 |      0 |    310 |   1 |  502.0 |
       Ossuary |    245 |    245 |      0 |      0 |     87 |   1 |  245.0 |
               +--------+--------+--------+--------+--------+-----+--------+

Top non-repeatable levels by time:
     D:9: 1087 daAuts
     D:2: 1023 daAuts
     D:6: 893 daAuts
     D:1: 884 daAuts
     D:7: 824 daAuts
     D:5: 810 daAuts
     D:8: 708 daAuts
     D:4: 625 daAuts
     D:3: 527 daAuts
  Lair:1: 502 daAuts
 Ossuary: 245 daAuts
  Temple: 31 daAuts
